 Dungeon Crawl Stone Soup version 0.30-a0-586-g23e55c9e0a (webtiles) character file.

Game seed: 6994756083521280660

23 bmack86 the Shield-Bearer (level 2, 0/27 HPs)
             Began as a Minotaur Fighter on Jan 3, 2023.
             Killed by nerve-wracking pain
             ... invoked by Jessica
              (8 damage)
             ... on level 2 of the Dungeon.
             The game lasted 00:01:58 (768 turns).

bmack86 the Shield-Bearer (Minotaur Fighter)         Turns: 768, Time: 00:01:58

Health: 0/27       AC:  9    Str: 20    XL:     2   Next: 72%
Magic:  1/1        EV:  7    Int:  5    God:
Gold:   62         SH:  5    Dex:  9    Spells: 1/1 levels left

rFire   . . .      SeeInvis .    a - +0 war axe
rCold   . . .      Faith    .    c - +1 buckler
rNeg    . . .      Spirit   .    g - +0 chain mail
rPois   .          Reflect  .    (helmet restricted)
rElec   .          Harm     .    (no cloak)
rCorr   .          Rampage  .    (no gloves)
Will    .....                    (no boots) Stlth
                                 (no amulet)
HPRegen 0.24/turn                (no ring)
MPRegen 0.07/turn                (no ring)

@: slowed, very slow
A: horns 2, retaliatory headbutt
a: no special abilities


You were on level 2 of the Dungeon.
You visited 1 branch of the dungeon, and saw 2 of its levels.

You collected 62 gold pieces.

Inventory:

Hand Weapons
 a - a +0 war axe (weapon)
Armour
 b - a +0 scale mail
 c - a +1 buckler (worn)
 g - a +0 chain mail (worn)
Scrolls
 e - a scroll of vulnerability
 f - a scroll of enchant armour
Potions
 d - a potion of might
 h - a potion of lignification


   Skills:
 + Level 3.9 Fighting
 * Level 3.1 Axes
 + Level 3.9 Armour
 + Level 3.9 Shields


You had one spell level left.
You didn't know any spells.
Your spell library contained the following spells:

 Spells                   Type           Power      Damage    Failure   Level
 Inner Flame              Hex/Fire       0%         N/A       100%        3
 Cause Fear               Hex            0%         N/A       100%        4
 Discord                  Hex            0%         N/A       100%        8


Dungeon Overview and Level Annotations

Branches:
Dungeon (2/15)

Altars:

Annotations:
D:2 Jessica, Sigmund


Innate Abilities, Weirdness & Mutations

You have a pair of horns on your head.
You reflexively headbutt those who attack you in melee.


Message History

You see here a +0 whip.
There is a stone staircase leading down here.
You climb downwards.
The frilled lizard hisses angrily.
Found a scroll of identify.
Found a stone staircase leading down.
There is a stone staircase leading up here.
Found an inky potion.
The frilled lizard barely misses you. The frilled lizard barely misses you.
You furiously retaliate!
You headbutt the frilled lizard.
You kill the frilled lizard!
There is a stone staircase leading up here.
Jessica the Apprentice Sorceress comes into view.
She is wielding a +0 dagger and carrying a wand of flame (17).
Jessica shouts!
Jessica moves out of view.
Jessica gestures at you while chanting. Pain shoots through your body!
Jessica gestures at you while chanting.
You feel yourself slow down.
Sigmund the Dreaded comes into view.
He is wielding a +0 scythe.
Sigmund shouts!
Jessica zaps a wand.
The puff of flame hits you but does no damage.
You hit Jessica. Your headbutt misses Jessica.
Jessica is moderately wounded.
Jessica hits you with a +0 dagger. Jessica hits you but does no damage.
You closely miss Jessica. You headbutt Jessica, but do no damage.
Jessica is moderately wounded.
Jessica zaps a wand.
The puff of flame misses you. Sigmund hits you but does no damage.
Jessica zaps a wand.
You block the puff of flame. Sigmund hits you with a +0 scythe.
You block Jessica's attack.
You closely miss Sigmund. You hit Jessica but do no damage.
Jessica zaps a wand.
The puff of flame hits you! Sigmund gestures at you while chanting.
The puff of flame hits you.
* * * LOW HITPOINT WARNING * * *
Sigmund completely misses you. You furiously retaliate!
You headbutt Sigmund! Jessica casts a spell at you.
Pain shoots through your body!
You die...

#.# #.# #.# # #.#
#.#.#.##.# ###.
#.#.#.##.# .....
#.#...##?####...... #
#.#...##...@@......
#.#.#...#.##@........
###.#.#.#......##......
#..............# ####..
#........<...#.# .
##........##>.#.#
.!........#####.#
##........# #.#
+........#


You could see Sigmund and Jessica.

Vanquished Creatures
  An endoplasm (D:1)
  A giant cockroach (D:1)
  4 goblins (D:1)
  4 hobgoblins (D:1)
  A quokka (D:1)
  A ball python (D:1)
  2 bats (D:1)
  3 frilled lizards
  2 kobolds (D:1)
  2 rats (D:1)
21 creatures vanquished.

Notes
Turn   | Place    | Note
-------+----------+-------------------------------------------
     0 | D:1      | bmack86 the Minotaur Fighter began the quest for the Orb.
     0 | D:1      | Reached XP level 1. HP: 19/19 MP: 0/0
   371 | D:1      | Reached XP level 2. HP: 27/27 MP: 1/1
   560 | D:1      | Found a faded altar of an unknown god.
   758 | D:2      | Noticed Jessica
   763 | D:2      | Noticed Sigmund
   768 | D:2      | Killed from afar by Jessica

Illustrated notes

Levels and vault maps discovered:
D:1:      enne_arrival_octagon_isle, layout_basic,
          hellmonk_ecumenical_altar_heavens_door, interstate_on_off,
          kennysheep_doodads, minmay_tetromino_t2
D:2:      layout_basic, uniq_jessica, uniq_sigmund

Skill      XL: |  1  2 |
---------------+-------+-----
Axes           | 3 |  3.1
Fighting       | |  3.9
Armour         | |  3.9
Shields        | |  3.9

Action                   || total
-------------------------++-------
Melee: War axe           ||    46
       Headbutt          ||     3
  Use: Scroll            ||     3
Armor: Scale mail        ||    10
       Chain mail        ||    31
Dodge: Dodged            ||    28
Block: Buckler           ||    12

Table legend: (Time is in decaauts)
 A = Elapsed time spent in this place.
 B = Non-inter-level travel time spent in this place.
 C = Inter-level travel time spent in this place.
 D = Time resting spent in this place.
 E = Time spent auto-exploring this place.
 F = Levels seen in this place.
 G = Mean time per level.
                   A        B        C        D        E       F      G
               +--------+--------+--------+--------+--------+-----+--------+
         Total |    789 |    773 |     16 |      0 |    546 |   2 |  394.5 |
       Dungeon |    789 |    773 |     16 |      0 |    546 |   2 |  394.5 |
               +--------+--------+--------+--------+--------+-----+--------+

Top non-repeatable levels by time:
     D:1: 764 daAuts
     D:2: 25 daAuts
